 Dungeon Crawl Stone Soup version 0.26-a0-23-g3ae7099 (webtiles) character file.

Game seed: 3070048741156934369, levelgen mode: deterministic

143404 thirtiethelement the Corrupter of Planes (level 17, -2/121 HPs)
             Began as a Gnoll Abyssal Knight on May 27, 2020.
             Was the Champion of Lugonu.
             Killed from afar by a deep elf sorcerer (43 damage)
             ... with a bolt of acid
             ... on level 3 of the Elven Halls.
             The game lasted 01:48:34 (33034 turns).

thirtiethelement the Corrupter of Planes (GnAK)    Turns: 33034, Time: 01:48:34

Health: -2/121     AC: 25    Str: 25    XL:     17   Next: 37%
Magic:  41/41      EV: 16    Int: 25    God:    Lugonu [******]
Gold:   278        SH: 13    Dex: 16    Spells: 24/38 levels left

rFire    + + +     SeeInvis +   b - +10 spear of the Magi {drain, *Contam +Blink Int+5 SInv}
rCold    + + +     Gourm    .   m - +0 kite shield
rNeg     . . .     Faith    .   q - +6 chain mail of Xanlousch {rF+ MR+ MP+9 Int+4}
rPois    .         Spirit   .   r - +0 helmet
rElec    +         Reflect  .   h - +1 cloak
rCorr    .         Harm     .   d - +2 pair of gloves {Str+3}
MR       +++..                  R - +2 pair of boots of Love and Death {rF+ MR+}
Stlth    ++........             z - amulet of regeneration
HPRegen  0.70/turn              u - ring "Nugu" {*Corrode rC+++ Str+3 Stlth-}
MPRegen  0.27/turn              L - ring "Pikhaquo" {rElec rF+}

@: corroded, lightly drained
A: distributed training, fangs 1, frail 1, sturdy frame 1, strong nose
a: Depart the Abyss, Bend Space, Banish, Corrupt, Enter the Abyss, Brand Weapon
With Distortion, Renounce Religion, Evoke Blink


You were on level 3 of the Elven Halls.
You worshipped Lugonu.
Lugonu was exalted by your worship.
You were not hungry.

You visited 5 branches of the dungeon, and saw 25 of its levels.
You visited the Abyss 1 time.
You also visited: Ice Cave.

You collected 4844 gold pieces.
You spent 4566 gold pieces at shops.

Inventory:

Hand Weapons
 a - the +11 arbalest "Fieteto Sera" {elec, rF- Str+6}
   (You found it in an ice cave)

   It charges the ammunition it shoots with electricity; occasionally upon a
   hit, such missiles may discharge and cause terrible harm.
   It affects your strength (+6).
   It makes you vulnerable to fire.
 b - the +10 spear of the Magi (weapon) {drain, *Contam +Blink Int+5 SInv}
   (You found it on level 4 of the Dungeon)

   A truly terrible weapon, it drains the life of those it strikes.
   It affects your intelligence (+5).
   It lets you see invisible.
   It lets you blink.
   It causes magical contamination when unequipped.
 N - a +9 glaive of protection
 X - a +4 hand axe of electrocution
Missiles
 w - 30 boomerangs (quivered)
Armour
 d - a +2 pair of gloves of strength (worn)
 h - a +1 cloak (worn)
 i - a +2 chain mail of cold resistance
 m - a +0 kite shield (worn)
 q - the +6 chain mail of Xanlousch (worn) {rF+ MR+ MP+9 Int+4}
   (You bought it in a shop on level 12 of the Dungeon)

   It affects your intelligence (+4).
   It protects you from fire.
   It affects your resistance to hostile enchantments.
   It affects your magic capacity (+9).
 r - a +0 helmet (worn)
 R - the +2 pair of boots of Love and Death (worn) {rF+ MR+}
   (You bought it in a shop on level 12 of the Dungeon)

   It protects you from fire.
   It affects your resistance to hostile enchantments.
 U - a +1 plate armour of poison resistance
Jewellery
 k - an uncursed ring of protection from cold
 u - the ring "Nugu" (left hand) {*Corrode rC+++ Str+3 Stlth-}
   (You bought it in a shop on level 12 of the Dungeon)

   [ring of attention]

   It affects your strength (+3).
   It renders you almost immune to cold.
   It may corrode you when you take damage.
   It makes you less stealthy.
 v - a +4 ring of slaying
 z - an amulet of regeneration (around neck)
 A - an uncursed amulet of reflection
 J - the ring "Hus Ehyo" {*Tele rElec rC+}
   (You found it on level 10 of the Dungeon)

   [ring of teleportation]

   It may teleport you next to monsters.
   It protects you from cold.
   It insulates you from electricity.
 L - the ring "Pikhaquo" (right hand) {rElec rF+}
   (You found it on level 10 of the Dungeon)

   [ring of protection from fire]

   It protects you from fire.
   It insulates you from electricity.
 M - an uncursed ring of positive energy
 S - an uncursed amulet of the acrobat
Wands
 g - a wand of flame (30)
 B - a wand of paralysis (11)
 C - a wand of acid (5)
 G - a wand of polymorph (11)
 I - a wand of random effects (42)
 O - a wand of iceblast (7)
 Z - a wand of disintegration (9)
Scrolls
 j - 7 scrolls of teleportation
 n - 7 scrolls of identify
 s - 3 scrolls of remove curse
 t - 4 scrolls of fog
 E - 2 scrolls of immolation
 F - a scroll of torment
 T - 4 scrolls of amnesia
 W - a scroll of fear
Potions
 e - 4 potions of flight
 f - 10 potions of curing
 l - 3 potions of berserk rage
 o - 3 potions of lignification
 p - 2 potions of stabbing
 x - 7 potions of haste
 D - 6 potions of might
 H - 2 potions of ambrosia
 K - 2 potions of magic
 P - a potion of brilliance
 Q - a potion of resistance
Miscellaneous
 y - a tin of tremorstones (1/3)
Comestibles
 c - 23 rations


   Skills:
 + Level 12.8(12.7) Fighting
 + Level 11.3(11.2) Short Blades
 + Level 11.3(11.2) Long Blades
 + Level 12.1(12.0) Axes
 + Level 11.3(11.2) Maces & Flails
 + Level 11.3(11.2) Polearms
 + Level 11.3(11.2) Staves
 + Level 11.3(11.2) Slings
 + Level 11.3(11.2) Bows
 + Level 11.3(11.2) Crossbows
 + Level 11.3(11.2) Throwing
 + Level 12.1(12.0) Armour
 + Level 11.5 Dodging
 + Level 11.3(11.2) Stealth
 + Level 11.3(11.2) Shields
 + Level 11.3(11.2) Unarmed Combat
 + Level 11.3(11.2) Spellcasting
 + Level 9.6 Conjurations
 + Level 9.6 Hexes
 + Level 9.6 Charms
 + Level 9.6 Summonings
 + Level 9.6 Necromancy
 + Level 9.6 Translocations
 + Level 9.6 Transmutations
 + Level 9.6 Fire Magic
 + Level 9.6 Ice Magic
 + Level 9.6 Air Magic
 + Level 9.6 Earth Magic
 + Level 9.6 Poison Magic
 + Level 12.9 Invocations
 + Level 11.3(11.2) Evocations


You had 24 spell levels left.
You knew the following spells:

 Your Spells              Type           Power        Failure   Level  Hunger
a - Apportation           Tloc           ######       1%          1    None
b - Corona                Hex            ######.      1%          1    None
c - Summon Lightning Spi  Summ/Air       ######..     4%          4    None
d - Fireball              Conj/Fire      ######....   12%         5    ###....
e - Tukima's Dance        Hex            ######..     1%          3    None

Your spell library contained the following spells:

 Spells                   Type           Power        Failure   Level  Hunger
 Animate Skeleton         Necr           N/A          1%          1    None
 Beastly Appendage        Tmut           ######       1%          1    None
 Foxfire                  Conj/Fire      ####         1%          1    None
 Magic Dart               Conj           ####         1%          1    None
 Summon Small Mammal      Summ           ####         1%          1    None
 Blink                    Tloc           N/A          1%          2    None
 Call Imp                 Summ           ######..     1%          2    None
 Ensorcelled Hibernation  Hex/Ice        ######       1%          2    None
 Searing Ray              Conj           ######       1%          2    None
 Shroud of Golubria       Chrm/Tloc      ######       1%          2    None
 Sticks to Snakes         Tmut           ######..     1%          2    None
 Call Canine Familiar     Summ           ######..     1%          3    None
 Confusing Touch          Hex            ######..     1%          3    None
 Conjure Flame            Conj/Fire      ######..     1%          3    None
 Dazzling Flash           Conj/Hex       ######       1%          3    None
 Gell's Gravitas          Tloc           ######....   1%          3    None
 Ignite Poison            Fire/Tmut/Pois ######..     1%          3    None
 Inner Flame              Hex/Fire       ######..     1%          3    None
 Lesser Beckoning         Tloc           ######....   1%          3    None
 Spider Form              Tmut/Pois      ######....   1%          3    None
 Summon Guardian Golem    Hex/Summ       ######..     1%          3    None
 Teleport Other           Tloc           ######..     1%          3    None
 Fulminant Prism          Conj/Hex       ######....   4%          4    None
 Ice Form                 Ice/Tmut       ######..     4%          4    None
 Iskenderun's Mystic Bla  Conj/Tloc      ######..     4%          4    None
 Passage of Golubria      Tloc           N/A          4%          4    None
 Petrify                  Tmut/Erth      ######..     4%          4    None
 Sticky Flame             Conj/Fire      ######..     4%          4    None
 Summon Ice Beast         Ice/Summ       ######..     4%          4    None
 Blade Hands              Tmut           ######....   12%         5    ###....
 Metabolic Englaciation   Hex/Ice        ######....   12%         5    ###....
 Yara's Violent Unravell  Hex/Tmut       ######....   12%         5    ###....
 Starburst                Conj/Fire      ######....   54%         6    #####..
 Orb of Destruction       Conj           ######....   98%         7    ######.
 Ring of Flames           Chrm/Fire      ######....   98%         7    ######.
 Ignition                 Fire           ######....   100%        8    #######


Dungeon Overview and Level Annotations

Branches:
Dungeon (13/15)            Temple (1/1) D:7            Lair (6/6) D:9
  Swamp (0/4) Lair:3       Spider (0/4) Lair:3        Slime (0/5) Lair:6
    Orc (2/2) D:10            Elf (3/3) Orc:2        Vaults (0/5) D:13
  IceCv (visited)

Altars:
Ashenzari
Cheibriados
Dithmenos
Elyvilon
Fedhas
Gozag
Hepliaklqana
Kikubaaqudgha
Makhleb
Nemelex Xobeh
Okawaru
Qazlal
Ru
Sif Muna
Trog
Uskayaw
Vehumet
Wu Jian
Xom
Yredelemnul
Zin
The Shining One

Shops:
D:10 (   D:12 =[(:!   Orc:2 ??(:   Elf:1 !   Elf:2 %

Portals:
Hell: Lair:6
Pandemonium: Orc:2

Annotations:
D:12 1 runed translucent door, exclusion: 4 orange crystal statues
Lair:6 exclusion: 4 oklob plants


Innate Abilities, Weirdness & Mutations

Your experience applies equally to all skills.
You have very sharp teeth.
Your uncanny sense of smell can sniff out nearby items.
You are frail. (-10% HP)
Your movements are slightly less encumbered by armour. (ER -2)


Message History

The deep elf sorcerer is heavily wounded.
You block the deep elf sorcerer's attack.
You puncture the deep elf sorcerer!
The deep elf sorcerer is heavily wounded.
The deep elf high priest intones a terrible prayer.
The deep elf sorcerer points at you and mumbles some strange words.
You resist with almost no effort.
You closely miss the deep elf sorcerer. Your bite misses the deep elf sorcerer.
The deep elf sorcerer is heavily wounded.
You puncture the deep elf sorcerer! You drain the deep elf sorcerer.
Your bite misses the deep elf sorcerer.
The deep elf sorcerer is severely wounded.
The deep elf high priest wields a +0 longbow.
The deep elf high priest shoots an arrow.
You block the arrow.
You closely miss the deep elf sorcerer.
The deep elf sorcerer is severely wounded.
The deep elf sorcerer gestures at you while chanting.
The bolt of acid hits you!!!
You die...

$... #))# ∆ ∆∆
#..# ∆∆ ∆∆
∆∆∆∆∆∆#ex#∆∆∆∆∆∆∆∆
∆∆∆∆∆∆#.)#∆∆∆∆∆∆∆∆
∆ ∆∆ #.x# ∆∆ ∆∆
##.e### #....e#
##...@# ####.# #.#
#.# ......#####.#
......+.....#
......#####.#
###......# #.# #
#........# #.#


You could see 2 deep elf sorcerers, a deep elf high priest (brilliance aura) and
a small abomination.

Vanquished Creatures
  2 deep elf blademasters
  A deep elf sorcerer (Elf:2)
  An orc warlord (D:10)
  A deep elf elementalist (Elf:3)
  2 deep elf annihilators
  2 entropy weavers (Lair:3)
  A dire elephant (Lair:6)
  Snorg (Orc:1)
  A deep elf death mage (Elf:3)
  A deep elf high priest (Elf:3)
  8 hydras
  A rakshasa (D:10)
  The ghost of agentgt the Summoner, a journeyman DgSu (Lair:5)
  3 centaur warriors
  5 two-headed ogres
  A queen ant (Lair:4)
  25 dancing weapons
  10 death yaks
  5 orc high priests (Orc:2)
  16 deep elf knights
  A sun demon (Lair:6)
  A sixfirhy (Orc:2)
  An infernal demonspawn (Orc:2)
  2 wizards
  A torturous demonspawn (Orc:2)
  8 deep elf archers
  4 orc knights (Orc:2)
  3 oklob plants (Lair:6)
  38 deep elf magi
  A necromancer (IceCv)
  A wolf spider (D:11)
  4 manticores
  2 ugly things
  11 orc sorcerers
  9 elephants
  2 ice statues (IceCv)
  3 black mambas
  Maurice (D:11)
  5 orange demons
  11 spiny frogs
  5 rime drakes
  9 komodo dragons
  A kobold demonologist (D:8)
  Maggie (D:6)
  6 ice devils
  2 red devils
  5 trolls
  A hellwing (Lair:6)
  A queen bee (D:9)
  3 polar bears
  3 jumping spiders (Lair:3)
  3 slime creatures (D:12)
  Prince Ribbit (D:8)
  5 blink frogs
  2 hornets
  13 hippogriffs
  6 redbacks (Lair:3)
  3 water elementals
  2 air elementals
  5 wyverns
  5 basilisks
  A wraith (D:10)
  46 yaks
  2 steam dragons (D:10)
  A fire elemental (Elf:2)
  2 hungry ghosts
  8 wargs
  11 soldier ants
  8 porcupines
  3 hell hounds (Lair:6)
  6 water moccasins
  A swamp drake (Lair:3)
  29 orc warriors
  10 ice beasts
  6 sky beasts
  An eye of draining (D:10)
  9 ogres
  A phantom (D:13)
  4 black bears
  A necrophage (D:6)
  18 wolves
  8 centaurs
  11 crocodiles
  5 big kobolds
  An earth elemental (Elf:1)
  17 bullfrogs
  2 scorpions
  A water moccasin skeleton (D:7)
  5 wights
  22 killer bees
  An electric eel (Lair:3)
  3 howler monkeys (D:10)
  3 draconian simulacra (IceCv)
  6 crimson imps
  3 jellies
  3 bullfrog zombies
  A centaur zombie (D:8)
  7 hounds
  24 orc priests
  5 bullfrog skeletons
  A gnoll shaman (D:7)
  13 orc wizards
  4 centaur skeletons
  6 iguanas
  21 worker ants
  Natasha (thrice) (D:3)
  4 troll simulacra (IceCv)
  A spriggan simulacrum (IceCv)
  A centaur simulacrum (IceCv)
  2 hound skeletons
  A howler monkey zombie (D:5)
  4 gnolls (D:7)
  A worker ant zombie (D:7)
  11 adders
  A naga simulacrum (IceCv)
  9 shadow imps
  4 adder skeletons
  An adder zombie (D:7)
  3 worms
  A dart slug (D:2)
  6 leopard geckos
  75 orcs
  3 giant cockroaches
  8 goblins
  6 hobgoblins
  7 quokkas
  7 bats
  5 frilled lizards
  17 kobolds
  A leopard gecko skeleton (D:5)
  A quokka zombie (D:6)
  5 rats
  A fungus (Lair:6)
809 creatures vanquished.

Vanquished Creatures (others)
  A water elemental (Elf:2)
  A human (D:2)
  8 fungi
  7 plants (Lair:6)
  2 starspawn tentacles (Abyss:2)
19 creatures vanquished.

Grand Total: 828 creatures vanquished

Notes
Turn   | Place    | Note
-------+----------+-------------------------------------------
     0 | Abyss:1  | thirtiethelement the Gnoll Abyssal Knight began the quest
                  | for the Orb.
     0 | Abyss:1  | Reached XP level 1. HP: 23/23 MP: 3/3
    10 | Abyss:1  | Noticed a titan zombie
    16 | Abyss:2  | Found a corrupted altar of Lugonu.
    39 | Abyss:2  | Noticed a spatial vortex
    39 | Abyss:2  | Noticed a spatial vortex
    42 | Abyss:2  | Noticed a spatial vortex
    83 | Abyss:2  | Noticed a neqoxec
    85 | Abyss:2  | Noticed a small abomination
    93 | Abyss:2  | Noticed a tentacled starspawn
   103 | Abyss:2  | Noticed a quasit
   103 | Abyss:2  | Noticed an iron imp
   104 | Abyss:2  | Noticed a large abomination
   104 | D:1      | Escaped the Abyss
   317 | D:1      | Reached XP level 2. HP: 29/29 MP: 5/5
   946 | D:2      | Reached XP level 3. HP: 35/35 MP: 6/6
   946 | D:2      | Reached * piety under Lugonu
  1183 | D:2      | Found an ancient bone altar of Kikubaaqudgha.
  1185 | D:2      | Noticed a human
  1187 | D:2      | Killed a human
  1425 | D:2      | Reached skill level 1 in Short Blades
  1425 | D:2      | Reached skill level 1 in Long Blades
  1425 | D:2      | Reached skill level 1 in Maces & Flails
  1425 | D:2      | Reached skill level 1 in Polearms
  1425 | D:2      | Reached skill level 1 in Staves
  1425 | D:2      | Reached skill level 1 in Slings
  1425 | D:2      | Reached skill level 1 in Bows
  1425 | D:2      | Reached skill level 1 in Crossbows
  1425 | D:2      | Reached skill level 1 in Throwing
  1425 | D:2      | Reached skill level 1 in Stealth
  1425 | D:2      | Reached skill level 1 in Shields
  1425 | D:2      | Reached skill level 1 in Unarmed Combat
  1425 | D:2      | Reached skill level 1 in Spellcasting
  1425 | D:2      | Reached skill level 1 in Evocations
  1442 | D:2      | Reached XP level 4. HP: 38/41 MP: 7/7
  1822 | D:3      | Reached skill level 1 in Conjurations
  1822 | D:3      | Reached skill level 1 in Hexes
  1822 | D:3      | Reached skill level 1 in Charms
  1822 | D:3      | Reached skill level 1 in Summonings
  1822 | D:3      | Reached skill level 1 in Necromancy
  1822 | D:3      | Reached skill level 1 in Translocations
  1822 | D:3      | Reached skill level 1 in Transmutations
  1822 | D:3      | Reached skill level 1 in Fire Magic
  1822 | D:3      | Reached skill level 1 in Ice Magic
  1822 | D:3      | Reached skill level 1 in Air Magic
  1822 | D:3      | Reached skill level 1 in Earth Magic
  1822 | D:3      | Reached skill level 1 in Poison Magic
  1868 | D:3      | Noticed Natasha
  1882 | D:3      | Killed Natasha
  1882 | D:3      | Reached XP level 5. HP: 37/47 MP: 8/8
  1996 | D:3      | Noticed Natasha
  2007 | D:3      | Killed Natasha
  2007 | D:3      | Reached ** piety under Lugonu
  2024 | D:3      | Noticed Natasha
  2027 | D:3      | Killed Natasha
  2612 | D:4      | Noticed an ogre
  2615 | D:4      | Killed an ogre
  2615 | D:4      | Reached skill level 5 in Invocations
  2615 | D:4      | Reached XP level 6. HP: 35/53 MP: 9/9
  2643 | D:4      | Got a warped spear
  2791 | D:4      | Reached skill level 5 in Axes
  2791 | D:4      | Reached skill level 5 in Armour
  2935 | D:4      | Identified the +10 spear of the Magi {drain, *Contam +Blink
                  | Int+5 SInv} (You found it on level 4 of the Dungeon)
  2971 | D:4      | Found a hazy altar of Hepliaklqana.
  3422 | D:5      | Entered Level 5 of the Dungeon
  3464 | D:5      | Reached XP level 7. HP: 36/59 MP: 10/10
  3758 | D:5      | Reached *** piety under Lugonu
  4362 | D:6      | Reached XP level 8. HP: 67/67 MP: 12/12
  4385 | D:6      | Noticed a hippogriff
  4391 | D:6      | Killed a hippogriff
  4391 | D:6      | Noticed Maggie
  4416 | D:6      | Killed Maggie
  4779 | D:6      | Found a basalt altar of Yredelemnul.
  4893 | D:6      | Reached XP level 9. HP: 72/72 MP: 14/14
  5078 | D:6      | Found a sparkling altar of Nemelex Xobeh.
  5197 | D:7      | Learned a level 1 spell: Apportation
  5199 | D:7      | Learned a level 1 spell: Corona
  5290 | D:7      | Reached **** piety under Lugonu
  5379 | D:7      | Found a shattered altar of Ashenzari.
  5420 | D:7      | Noticed a hornet
  5428 | D:7      | Killed a hornet
  5438 | D:7      | Reached skill level 5 in Dodging
  5900 | D:7      | Found a staircase to the Ecumenical Temple.
  5980 | Temple   | Entered the Ecumenical Temple
  6096 | D:8      | Noticed a kobold demonologist
  6113 | D:8      | Killed a kobold demonologist
  6113 | D:8      | Reached XP level 10. HP: 71/80 MP: 15/17
  6267 | D:8      | Reached ***** piety under Lugonu
  6284 | D:8      | Noticed Prince Ribbit
  6291 | D:8      | Killed Prince Ribbit
  6291 | D:8      | Reached skill level 5 in Short Blades
  6291 | D:8      | Reached skill level 5 in Long Blades
  6291 | D:8      | Reached skill level 5 in Maces & Flails
  6291 | D:8      | Reached skill level 5 in Polearms
  6291 | D:8      | Reached skill level 5 in Staves
  6291 | D:8      | Reached skill level 5 in Slings
  6291 | D:8      | Reached skill level 5 in Bows
  6291 | D:8      | Reached skill level 5 in Crossbows
  6291 | D:8      | Reached skill level 5 in Throwing
  6291 | D:8      | Reached skill level 5 in Stealth
  6291 | D:8      | Reached skill level 5 in Shields
  6291 | D:8      | Reached skill level 5 in Unarmed Combat
  6291 | D:8      | Reached skill level 5 in Spellcasting
  6291 | D:8      | Reached skill level 5 in Evocations
  6372 | D:8      | Noticed a two-headed ogre
  6378 | D:8      | Killed a two-headed ogre
  7853 | D:9      | Found a staircase to the Lair.
  8254 | D:9      | Reached XP level 11. HP: 87/87 MP: 19/19
  8343 | D:9      | Found a bloodstained altar of Trog.
  8730 | D:10     | Entered Level 10 of the Dungeon
  8805 | D:10     | Found a staircase to the Orcish Mines.
  9090 | D:10     | Found a sacrificial altar of Ru.
  9180 | D:10     | Found Duinut's Weapon Shoppe.
  9205 | D:10     | Noticed a two-headed ogre
  9212 | D:10     | Killed a two-headed ogre
  9212 | D:10     | Reached skill level 5 in Conjurations
  9212 | D:10     | Reached skill level 5 in Hexes
  9212 | D:10     | Reached skill level 5 in Charms
  9212 | D:10     | Reached skill level 5 in Summonings
  9212 | D:10     | Reached skill level 5 in Necromancy
  9212 | D:10     | Reached skill level 5 in Translocations
  9212 | D:10     | Reached skill level 5 in Transmutations
  9212 | D:10     | Reached skill level 5 in Fire Magic
  9212 | D:10     | Reached skill level 5 in Ice Magic
  9212 | D:10     | Reached skill level 5 in Air Magic
  9212 | D:10     | Reached skill level 5 in Earth Magic
  9212 | D:10     | Reached skill level 5 in Poison Magic
  9401 | D:10     | Noticed a five-headed hydra
  9414 | D:10     | Killed a five-headed hydra
  9935 | D:10     | Noticed a rakshasa
  9958 | D:10     | Killed a rakshasa
  9968 | D:10     | Reached ****** piety under Lugonu
  9974 | D:10     | Got a sparkling amber ring
  9980 | D:10     | Got a transparent tin ring
  9981 | D:10     | Identified the ring "Hus Ehyo" {*Tele rElec rC+} (You found
                  | it on level 10 of the Dungeon)
  9982 | D:10     | Identified the ring "Pikhaquo" {rElec rF+} (You found it on
                  | level 10 of the Dungeon)
 10319 | D:11     | Noticed a manticore
 10332 | D:11     | Killed a manticore
 10333 | D:11     | Noticed a two-headed ogre
 10689 | D:11     | Killed a two-headed ogre
 10689 | D:11     | Reached XP level 12. HP: 49/96 MP: 20/22
 10927 | D:11     | Noticed a centaur warrior
 10930 | D:11     | Noticed a two-headed ogre
 10937 | D:11     | Killed a centaur warrior
 10943 | D:11     | Killed a two-headed ogre
 11535 | D:11     | Learned a level 4 spell: Summon Lightning Spire
 11553 | D:11     | Noticed Maurice
 11585 | D:11     | Killed Maurice
 11798 | D:12     | Found the +10 tower shield of Ignorance {rN+ Int-4}
 11801 | D:12     | Found a runed translucent door.
 11820 | D:12     | Found a runed translucent door.
 11866 | D:12     | Found Qixt's Weapon Emporium.
 12099 | D:12     | Found Coamuiv's Distillery.
 12110 | D:12     | Bought a potion of lignification for 30 gold pieces
 12110 | D:12     | Bought a potion of brilliance for 40 gold pieces
 12110 | D:12     | Bought a potion of heal wounds for 50 gold pieces
 12110 | D:12     | Bought a potion of flight for 30 gold pieces
 12110 | D:12     | Bought a potion of heal wounds for 50 gold pieces
 12429 | D:12     | Found Piecof's Armour Boutique.
 12437 | D:12     | Bought the +2 pair of boots of Love and Death {rF+ MR+} for
                  | 443 gold pieces
 12495 | D:12     | Found Hiheo's Jewellery Shop.
 12604 | D:12     | Found Birydoo's Book Shop.
 12913 | D:13     | Noticed a six-headed hydra
 12920 | D:13     | Killed a six-headed hydra
 13303 | D:13     | Reached skill level 10 in Fighting
 13418 | D:13     | Noticed a seven-headed hydra
 13426 | D:13     | Killed a seven-headed hydra
 13495 | D:13     | Noticed a centaur warrior
 13500 | D:13     | Killed a centaur warrior
 13518 | D:13     | Reached XP level 13. HP: 79/103 MP: 24/24
 13612 | D:13     | Found a gate to the Vaults.
 14451 | Lair:1   | Entered Level 1 of the Lair of Beasts
 14613 | Lair:1   | Identified the cursed +0 chain mail of the Yeti {Harm rElec
                  | rPois Int-3} (You found it on level 1 of the Lair of
                  | Beasts)
 15249 | Lair:1   | Reached skill level 10 in Invocations
 16108 | Lair:2   | Found a frozen archway.
 16157 | IceCv    | Entered an ice cave
 16967 | IceCv    | Got a dazzling arbalest
 17274 | Lair:2   | Identified the +11 arbalest "Fieteto Sera" {elec, rF-
                  | Str+6} (You found it in an ice cave)
 17324 | Lair:2   | Gained mutation: Potions are less effective at restoring
                  | your health. [mutagenic glow]
 17942 | Lair:3   | Found a blossoming altar of Fedhas.
 18121 | Lair:3   | Found a hole to the Spider Nest.
 18189 | Lair:3   | Found a staircase to the Swamp.
 18239 | Lair:3   | Reached XP level 14. HP: 100/111 MP: 26/26
 18412 | Lair:3   | Identified a scroll of acquirement
 19246 | Lair:3   | Reached skill level 10 in Axes
 19246 | Lair:3   | Reached skill level 10 in Armour
 20037 | Lair:4   | Noticed an entropy weaver
 20037 | Lair:4   | Noticed an entropy weaver
 20273 | Lair:3   | Killed an entropy weaver
 20276 | Lair:3   | Killed an entropy weaver
 21074 | Lair:5   | Found a runed translucent door.
 21074 | Lair:5   | Noticed agentgt's ghost (journeyman DgSu)
 21105 | Lair:5   | Killed agentgt's ghost
 22316 | Lair:6   | Entered Level 6 of the Lair of Beasts
 22642 | Lair:5   | Reached XP level 15. HP: 90/119 MP: 28/28
 22949 | Lair:6   | Reached skill level 10 in Dodging
 23410 | Lair:6   | Found a staircase to the Slime Pits.
 23566 | Lair:6   | Found a burning altar of Makhleb.
 23891 | Lair:6   | Found a gateway to Hell.
 24290 | Lair:6   | Lost mutation: Potions are less effective at restoring your
                  | health. [potion of mutation]
 24290 | Lair:6   | Gained mutation: You are frail. (-10% HP) [potion of
                  | mutation]
 24290 | Lair:6   | Gained mutation: Your movements are slightly less
                  | encumbered by armour. (ER -2) [potion of mutation]
 24976 | Orc:1    | Entered Level 1 of the Orcish Mines
 24989 | Orc:1    | Noticed an orc warlord
 25034 | D:10     | Killed an orc warlord
 25322 | Orc:1    | Paralysed by an orc sorcerer for 6 turns
 25706 | Orc:1    | Reached skill level 10 in Short Blades
 25706 | Orc:1    | Reached skill level 10 in Long Blades
 25706 | Orc:1    | Reached skill level 10 in Maces & Flails
 25706 | Orc:1    | Reached skill level 10 in Polearms
 25706 | Orc:1    | Reached skill level 10 in Staves
 25706 | Orc:1    | Reached skill level 10 in Slings
 25706 | Orc:1    | Reached skill level 10 in Bows
 25706 | Orc:1    | Reached skill level 10 in Crossbows
 25706 | Orc:1    | Reached skill level 10 in Throwing
 25706 | Orc:1    | Reached skill level 10 in Stealth
 25706 | Orc:1    | Reached skill level 10 in Shields
 25706 | Orc:1    | Reached skill level 10 in Unarmed Combat
 25706 | Orc:1    | Reached skill level 10 in Spellcasting
 25706 | Orc:1    | Reached skill level 10 in Evocations
 25886 | Orc:2    | Entered Level 2 of the Orcish Mines
 26272 | Orc:2    | Found Qeinal's Magic Scroll Emporium.
 27051 | Orc:2    | Found Etraid's Magic Scroll Shoppe.
 27132 | Orc:2    | Bought 3 scrolls of identify for 102 gold pieces
 27132 | Orc:2    | Bought a scroll of identify for 34 gold pieces
 27132 | Orc:2    | Bought a scroll of identify for 34 gold pieces
 27132 | Orc:2    | Bought a scroll of identify for 34 gold pieces
 27132 | Orc:2    | Bought a scroll of identify for 34 gold pieces
 27132 | Orc:2    | Bought a scroll of acquirement for 884 gold pieces
 27138 | Orc:2    | Bought 2 scrolls of identify for 56 gold pieces
 27138 | Orc:2    | Bought a scroll of enchant armour for 105 gold pieces
 27138 | Orc:2    | Bought a scroll of enchant armour for 105 gold pieces
 27138 | Orc:2    | Bought a scroll of identify for 28 gold pieces
 27835 | Orc:2    | Found Dicvecs's Antique Weapon Shop.
 27835 | Orc:2    | Found Roll's Book Boutique.
 27836 | Orc:2    | Found a one-way gate leading to the halls of Pandemonium.
 28133 | Orc:2    | Found a staircase to the Elven Halls.
 28627 | Orc:1    | Noticed Snorg
 28646 | Orc:1    | Killed Snorg
 28646 | Orc:1    | Reached XP level 16. HP: 95/114 MP: 30/30
 28990 | D:12     | Bought a potion of haste for 100 gold pieces
 28990 | D:12     | Bought a potion of haste for 100 gold pieces
 29067 | D:12     | Bought the +6 chain mail of Xanlousch {rF+ MR+ MP+9 Int+4}
                  | for 1058 gold pieces
 29245 | D:12     | Bought the ring "Nugu" {*Corrode rC+++ Str+3 Stlth-} for
                  | 702 gold pieces
 29245 | D:12     | Bought an uncursed amulet of regeneration for 420 gold
                  | pieces
 29352 | Elf:1    | Entered Level 1 of the Elven Halls
 29354 | Elf:1    | Found Witomipt's Distillery.
 30204 | Elf:1    | Identified the Guide on Conjuration
 30212 | Elf:1    | Learned a level 5 spell: Fireball
 30507 | Elf:2    | Found a runed translucent gate.
 30507 | Elf:2    | Found a runed translucent gate.
 30507 | Elf:2    | Found a runed translucent gate.
 30866 | Elf:2    | Learned a level 3 spell: Tukima's Dance
 31284 | Elf:2    | Found Iblall's Food Shop.
 31746 | Elf:2    | Noticed a deep elf blademaster
 31880 | Elf:1    | Killed a deep elf blademaster
 31880 | Elf:1    | Reached XP level 17. HP: 35/121 MP: 32/32
 32565 | Orc:2    | Bought a scroll of enchant weapon for 127 gold pieces
 32615 | Elf:3    | Entered Level 3 of the Elven Halls
 32860 | Elf:3    | Found a radiant altar of Vehumet.
 33016 | Elf:3    | Noticed a deep elf blademaster
 33018 | Elf:3    | Killed a deep elf blademaster
 33024 | Elf:3    | Noticed a deep elf blademaster
 33034 | Elf:3    | Killed from afar by a deep elf sorcerer

Illustrated notes

Levels and vault maps discovered:
D:1:      dpeg_arrival_arbitrary_b, layout_basic, serial_bayou_lake_a
D:2:      layout_basic, tgw_kikubaaqudgha
D:3:      layout_loops_ring, uniq_natasha
D:4:      layout_loops_corners, lemuel_crystal_altar, first_ration,
          minmay_misc_feat_nine_boxes
D:5:      layout_basic
D:6:      layout_loops_cross, lemuel_doored_altar, lemuel_round_altar,
          uniq_maggie
D:7:      layout_cave_pools, evilmike_ruin_ashenzari,
          minmay_temple_entry_nine_rooms, serial_park, serial_park_tiny_pond,
          serial_park_square3 [serial_park_minivault_5x5_6], serial_park_square3
          [serial_park_minivault_5x5_6], serial_park_square3
          [serial_park_minivault_5x5_2], serial_park_tiny_1, patterned_corridor
D:8:      layout_basic, uniq_prince_ribbit1
D:9:      layout_small_grid, trog_ov_bears_minmay, erik_lair_orcish_takeover,
          david_nohive_1
D:10:     minmay_the_grid_triangle_9x9_rhombus_thin
          [minmay_the_grid_triangle_9x9_empty,
          minmay_the_grid_triangle_9x9_prize_schism,
          minmay_the_grid_triangle_9x9_semitri,
          minmay_the_grid_triangle_9x9_stretched_checkered], layout_gridville,
          orc_david_3, serial_shops, kennysheep_mini_moat, hangedman_ru_absence
D:11:     layout_rooms, uniq_maurice
D:12:     layout_basic, serial_shops, shop, shop, shop, kennysheep_little_box,
          shop, chequers_guarded_unrand_ignorance
D:13:     layout_roguey, david_vaults_1
Temple:   compressed_dpeg_circular_temple
Lair:1:   layout_cave_pods, grunt_forest_stairs_basic,
          cheibrodos_lair_caveside_slide, minmay_hedge_maze, st_stairs_9,
          serial_bayou_pond_a
Lair:2:   layout_misc_corridors, portal_ice_cave_entry_ice_beasts
Lair:3:   layout_regular_city, minmay_swamp_entry_reptiles,
          nicolae_spider_entry_tight_spaces, basic_altar, st_stairs_5,
          serial_bayou_shore_a, lemuel_fruit_tree
Lair:4:   layout_roguey, minmay_another_anthill
Lair:5:   layout_gridlike, hellmonk_ghost_happy_afterlife
Lair:6:   evil_forest, layout_regular_city, minmay_slime_entry_oklob_open,
          minmay_lair_oklob_chamber
Orc:1:    layout_diamond_mine, uniq_snorg
Orc:2:    pf_orc_diabolical, layout_caves, mines5_lemuel
Elf:1:    layout_geoelf_diagonals, serial_shops, shop_statue,
          minmay_elf_annihilation
Elf:2:    layout_gridlike, serial_shops, shop, lemuel_flamethrower_3
Elf:3:    minmay_elf_hall_dome, layout_gridlike, basic_altar,
          ebering_ghost_gozag

Skill      XL: |  1  2  3  4  5  6  7  8  9 10 11 12 13 14 15 16 17 |
---------------+----------------------------------------------------+-----
Short Blades   | 1 2 3 4 5 6 7 8 9 10 11 | 11.3
Long Blades    | 1 2 3 4 5 6 7 8 9 10 11 | 11.3
Maces & Flails | 1 2 3 4 5 6 7 8 9 10 11 | 11.3
Polearms       | 1 2 3 4 5 6 7 8 9 10 11 | 11.3
Staves         | 1 2 3 4 5 6 7 8 9 10 11 | 11.3
Slings         | 1 2 3 4 5 6 7 8 9 10 11 | 11.3
Bows           | 1 2 3 4 5 6 7 8 9 10 11 | 11.3
Crossbows      | 1 2 3 4 5 6 7 8 9 10 11 | 11.3
Throwing       | 1 2 3 4 5 6 7 8 9 10 11 | 11.3
Stealth        | 1 2 3 4 5 6 7 8 9 10 11 | 11.3
Shields        | 1 2 3 4 5 6 7 8 9 10 11 | 11.3
Unarmed Combat | 1 2 3 4 5 6 7 8 9 10 11 | 11.3
Spellcasting   | 1 2 3 4 5 6 7 8 9 10 11 | 11.3
Evocations     | 1 2 3 4 5 6 7 8 9 10 11 | 11.3
Conjurations   | 1 2 3 4 5 6 7 8 9 |  9.6
Hexes          | 1 2 3 4 5 6 7 8 9 |  9.6
Charms         | 1 2 3 4 5 6 7 8 9 |  9.6
Summonings     | 1 2 3 4 5 6 7 8 9 |  9.6
Necromancy     | 1 2 3 4 5 6 7 8 9 |  9.6
Translocations | 1 2 3 4 5 6 7 8 9 |  9.6
Transmutations | 1 2 3 4 5 6 7 8 9 |  9.6
Fire Magic     | 1 2 3 4 5 6 7 8 9 |  9.6
Ice Magic      | 1 2 3 4 5 6 7 8 9 |  9.6
Air Magic      | 1 2 3 4 5 6 7 8 9 |  9.6
Earth Magic    | 1 2 3 4 5 6 7 8 9 |  9.6
Poison Magic   | 1 2 3 4 5 6 7 8 9 |  9.6
Dodging        | 3 4 5 6 7 8 9 10 11 | 11.5
Invocations    | 5 6 7 8 9 10 11 12 | 12.9
Axes           | 5 6 7 8 9 10 11 12 | 12.1
Armour         | 5 6 7 8 9 10 11 12 | 12.1
Fighting       | 7 8 9 10 11 12 | 12.8

Action                   |  1- 3 |  4- 6 |  7- 9 | 10-12 | 13-15 | 16-18 || total
-------------------------+-------+-------+-------+-------+-------+-------++-------
Melee: Hand axe          |    54 |    89 |       |       |       |       ||   143
       Bite              |     3 |     4 |    18 |    95 |   325 |    85 ||   530
       Spear             |       |    34 |   270 |   803 |  2063 |   612 ||  3782
Throw: Boomerang         |       |       |       |     1 |       |    28 ||    29
Invok: Depart the Abyss  |     1 |       |       |       |       |       ||     1
 Abil: Evoke Blink       |       |       |       |       |     3 |     2 ||     5
Evoke: Wand              |       |       |       |    13 |    19 |     7 ||    39
       Tin of tremorston |       |       |       |       |     7 |     7 ||    14
  Use: Potion            |     2 |       |       |     1 |     4 |     6 ||    13
       Scroll            |     1 |     7 |     2 |     8 |    22 |    10 ||    50
 Stab: Fleeing           |       |       |       |       |     2 |       ||     2
  Eat: Chunk             |     1 |     4 |     6 |    11 |    16 |       ||    38
       Ration            |       |     1 |     1 |     4 |    11 |     4 ||    21
Armor: Chain mail        |    32 |    52 |    72 |   298 |   123 |   182 ||   759
       Plate armour      |       |       |       |       |   439 |       ||   439
Dodge: Dodged            |    27 |    39 |    72 |   298 |   484 |   198 ||  1118
Block: Buckler           |     2 |    15 |    90 |   376 |   162 |       ||   645
       Reflection        |       |       |     4 |    24 |    12 |       ||    40
       Kite shield       |       |       |       |       |   998 |   259 ||  1257

Table legend:
 A = Non-vault XP
 B = Vault XP
 C = Vault XP percentage of total XP
 D = Non-vault monster count
 E = Vault monster count
 F = Vault count percentage of total count
                 A         B        C        D         E       F
            +---------+---------+-------+---------+---------+-------
      Total |  112324 |   92540 |  45.2 |     522 |     286 |  35.4
            +---------+---------+-------+---------+---------+-------
        D:1 |      24 |       0 |   0.0 |      16 |       0 |   0.0
        D:2 |      72 |       0 |   0.0 |      15 |       0 |   0.0
        D:3 |     134 |      33 |  19.8 |      24 |       1 |   4.0
        D:4 |     287 |       0 |   0.0 |      12 |       0 |   0.0
        D:5 |     627 |       0 |   0.0 |      21 |       0 |   0.0
        D:6 |     875 |     350 |  28.6 |      18 |       1 |   5.3
        D:7 |    1076 |     793 |  42.4 |      29 |      11 |  27.5
        D:8 |    2551 |     447 |  14.9 |      31 |       4 |  11.4
        D:9 |    1266 |    1834 |  59.2 |      24 |      21 |  46.7
       D:10 |    5445 |    3306 |  37.8 |      25 |      22 |  46.8
       D:11 |    5895 |     445 |   7.0 |      27 |       1 |   3.6
       D:12 |    2691 |       0 |   0.0 |      23 |       0 |   0.0
       D:13 |    8264 |    1893 |  18.6 |      20 |       3 |  13.0
     Lair:1 |    5077 |     773 |  13.2 |      29 |       3 |   9.4
     Lair:2 |    1559 |    1043 |  40.1 |       6 |       8 |  57.1
     Lair:3 |    9041 |    6381 |  41.4 |      34 |      20 |  37.0
     Lair:4 |    8911 |    2638 |  22.8 |      26 |      24 |  48.0
     Lair:5 |   10124 |    1570 |  13.4 |      32 |       4 |  11.1
     Lair:6 |    3762 |   14582 |  79.5 |      10 |      34 |  77.3
      Orc:1 |    2364 |    1603 |  40.4 |      20 |       5 |  20.0
      Orc:2 |    2512 |   16784 |  87.0 |      19 |      68 |  78.2
      Elf:1 |   11505 |    7295 |  38.8 |      21 |       8 |  27.6
      Elf:2 |   22042 |   21814 |  49.7 |      32 |      28 |  46.7
      Elf:3 |    6220 |    6128 |  49.6 |       8 |       4 |  33.3
      IceCv |       0 |    2828 | 100.0 |       0 |      16 | 100.0
            +---------+---------+-------+---------+---------+-------
